AoeStats
← Juyhou

Arena

509907713Analyzed
4v4 RM · 4d ago on Sep 28, 2026· 34m 17s· 8 players
Game mode
Random Map
Map size
Large (8 player)
Population
200
Speed
Normal
Resources
Standard
Victory
Conquest
Starting age
Dark Age
Ending age
Imperial Age
RankedLock teamsTeams togetherTeam positionsShared explorationLock speedFull tech treeHidden civsTurbo modeCheats
Victory
Defeat
🇫🇮 Saxons · Finland
2128
+3
🇫🇮 Varangians · Finland
2038
+4
🇫🇮 Varangians · Finland
1942
+5
🇺🇸 Ethiopians · United States
1433
+23
🇹🇷 Wei · Türkiye
1728
-10
🇨🇳 Persians · China
1714
-10
🇹🇷 Varangians · Türkiye
1652
-8
🇹🇷 Saxons · Türkiye
1636
-7
FeelMySpike
9:46 Feudal Age
13:39 Castle Age
12:02 Double-Bit Axe
12:18 Horse Collar
14:59 Bow Saw
19:21 Wheelbarrow
21:08 Gold Mining
21:12 Stone Mining
22:41 Stone Shaft Mining
22:27 Hand Cart
21:58 Loom
27:32 Imperial Age
25:23 Scale Barding Armor
25:28 Forging
25:51 Bloodlines
25:41 Husbandry
26:28 Chain Barding Armor
26:45 Forging
26:43 Town Watch
27:21 Heavy Plow
28:50 Iron Casting
29:50 Plate Barding Armor
30:04 Conscription
31:04 Blast Furnace
Bo Zhi Shang
9:58 Feudal Age
11:41 Wheelbarrow
14:59 Castle Age
13:45 Double-Bit Axe
13:43 Horse Collar
14:58 Bloodlines
16:14 Bow Saw
20:35 Heavy Plow
22:32 Gold Mining
23:56 Hand Cart
Sekov
5:39 Loom
7:59 Feudal Age
8:41 Double-Bit Axe
10:51 Fletching
14:10 Horse Collar
22:17 Castle Age
20:27 Stone Mining
23:37 Bow Saw
24:16 Guard Tower
24:30 Bodkin Arrow
26:29 Ballistics
29:50 Masonry
35:00 Wheelbarrow
lalalalala
9:16 Feudal Age
9:53 Double-Bit Axe
10:01 Gold Mining
10:05 Horse Collar
11:49 Wheelbarrow
11:55 Stone Mining
15:35 Castle Age
14:04 Stone Mining
16:04 Loom
16:45 Bow Saw
16:56 Heavy Plow
18:05 Gold Shaft Mining
18:29 Scale Mail Armor
19:24 Scale Barding Armor
20:07 Stone Shaft Mining
21:18 Forging
23:49 Chain Barding Armor
28:29 Hand Cart
31:01 Iron Casting
32:31 Bloodlines
32:22 Husbandry
Sain
10:11 Feudal Age
11:44 Loom
14:11 Castle Age
14:48 Loom
Juyhou
9:33 Feudal Age
13:45 Castle Age
12:00 Horse Collar
12:44 Double-Bit Axe
15:19 Bow Saw
16:45 Heavy Plow
18:12 Wheelbarrow
22:38 Gold Mining
23:48 Hand Cart
24:07 Stone Mining
24:28 Loom
29:20 Imperial Age
27:10 Squires
27:12 Scale Mail Armor
28:18 Chain Mail Armor
28:15 Arson
30:24 Conscription
30:36 Plate Mail Armor
30:41 Forging
30:41 Elite Varangian Guard
31:20 Gothikon
Villese
10:23 Feudal Age
11:29 Double-Bit Axe
14:02 Castle Age
12:14 Horse Collar
15:16 Bow Saw
16:20 Heavy Plow
17:38 Loom
21:56 Wheelbarrow
22:25 Fortified Wall
23:01 Gold Mining
23:55 Hand Cart
28:23 Imperial Age
26:02 Town Watch
26:11 Town Watch
27:05 Gold Shaft Mining
26:20 Stone Mining
26:33 Scale Mail Armor
26:44 Forging
27:48 Chain Mail Armor
27:59 Squires
27:45 Arson
27:45 Gambesons
29:00 Iron Casting
28:29 Elite Varangian Guard
29:41 Plate Mail Armor
29:34 Conscription
29:25 Shield Wall
29:34 Pikeman
30:29 Halberdier
31:42 Fletching
34:44 Bodkin Arrow
34:56 Siege Engineers
TheMax
9:29 Feudal Age
13:12 Castle Age
11:08 Double-Bit Axe
11:35 Horse Collar
14:11 Bow Saw
19:07 Heavy Plow
20:51 Wheelbarrow
23:13 Hand Cart
22:50 Gold Mining
23:18 Town Watch
23:19 Loom
27:27 Imperial Age
25:36 Scale Mail Armor
26:00 Squires
25:47 Arson
25:48 Gambesons
27:41 Forging
27:47 Chain Mail Armor
28:24 Elite Varangian Guard
29:48 Plate Mail Armor
29:02 Gothikon
31:07 Iron Casting
32:53 Blast Furnace
Connection lost

Rejoining the realm…

Still unreachable

The connection could not be restored.

Session expired

The server has moved on; the page needs a fresh start.